 Dungeon Crawl Stone Soup version 0.20.0-8-g6b59dc7 (webtiles) character file.

121 mike2R the Chiller (level 4, -6/24 HPs)
             Began as a Deep Elf Ice Elementalist on June 1, 2017.
             Mangled by a gnoll shaman
             ... wielding a +0 whip
              (7 damage)
             ... on level 4 of the Dungeon.
             The game lasted 00:13:54 (3312 turns).

mike2R the Chiller (Deep Elf Ice Elementalist)      Turns: 3312, Time: 00:13:54

Health: -6/24      AC:  2    Str:  5    XL:     4   Next: 76%
Magic:  7/12       EV: 13    Int: 21    God:
Gold:   133        SH:  0    Dex: 15    Spells: 2/12 levels left

rFire    . . .     SeeInvis .   s - +1 whip (elec)
rCold    + . .     Gourm    +   (no shield)
rNeg     . . .     Faith    .   a - +0 robe
rPois    .         Spirit   .   (no helmet)
rElec    .         Reflect  .   (no cloak)
rCorr    .         Harm     .   (no gloves)
MR       .....                  (no boots)
Stlth    ++........             q - amulet of the gourmand
Regen    0.1/turn               u - ring of protection from cold
MPRegen  0.2/turn               (no ring)

@: no status effects
A: no striking features
a: no special abilities


You were on level 4 of the Dungeon.
You were full.

You visited 1 branch of the dungeon, and saw 4 of its levels.

You collected 133 gold pieces.

Inventory:

Hand Weapons
 e - a +0 dagger
 j - a +0 short sword
 k - a +1 short sword of protection
 s - a +1 whip of electrocution (weapon)
Missiles
 f - 132 stones (quivered)
Armour
 a - a +0 robe (worn)
 m - a +0 leather armour
Jewellery
 q - an amulet of the gourmand (around neck)
 u - a ring of protection from cold (left hand)
Wands
 p - a wand of confusion (23/48)
 x - a wand of disintegration (9/24)
 y - a wand of lightning (6/15)
Scrolls
 d - 4 scrolls of immolation {unknown}
 g - a scroll of random uselessness {unknown}
 h - 3 scrolls of remove curse {unknown}
 i - 3 scrolls of identify {unknown}
 l - a scroll of amnesia {unknown}
 o - a scroll of magic mapping {unknown}
 r - 2 scrolls of fear {unknown}
 w - a scroll of recharging {unknown}
Potions
 n - a potion of cancellation
 v - a potion of agility
 z - a potion of might {unknown}
Books
 b - a book of Frost

   Spells                             Type                      Level
   a - Freeze                         Ice                          1
   b - Throw Frost                    Conjuration/Ice              2
   c - Ozocubu's Armour               Charms/Ice                   3
   d - Throw Icicle                   Conjuration/Ice              4
   e - Summon Ice Beast               Ice/Summoning                4
Comestibles
 c - 4 bread rations
 t - 4 fruits


   Skills:
 - Level 2.4 Dodging
 - Level 2.4 Stealth
 + Level 4.7 Spellcasting
 - Level 1.1 Conjurations
 + Level 5.2 Ice Magic


You had 2 spell levels left.
You knew the following spells:

 Your Spells              Type           Power        Failure   Level  Hunger
a - Freeze                Ice            ####         1%          1    None
b - Throw Frost           Conj/Ice       ###...       4%          2    #......
c - Ozocubu's Armour      Chrm/Ice       ###.....     12%         3    ##.....
d - Throw Icicle          Conj/Ice       ###.....     30%         4    ####...


Dungeon Overview and Level Annotations

Branches:
Dungeon (4/15)
 Temple: D:4-7

Altars:
Ashenzari
Okawaru
Uskayaw


Message History

You freeze the gnoll shaman.
The gnoll shaman is severely wounded.
The gnoll barely misses you.
The gnoll shaman mumbles some strange prayers to its god.
The gnoll shaman is healed somewhat.
Casting: Freeze
Confirm with . or Enter, or press ? or * to list all spells.
Aiming: Freeze
Press: ? - help, Shift-Dir - straight line, f/p - gnoll shaman
Aim: a gnoll shaman, wielding a whip and wearing a leather armour (moderately wounded)
You freeze the gnoll shaman.
The gnoll shaman is almost dead.
The gnoll hits you from afar with a halberd!
Ouch! That really hurt!
* * * LOW HITPOINT WARNING * * *
The gnoll shaman utters an invocation to its god.
The gnoll shaman is healed somewhat.
The gnoll hits you but does no damage.
There is a stone staircase leading up here.
The gnoll closely misses you. The gnoll shaman hits you with a whip!
You die...

#. #.
#. #.
###.
...
#g####
#.g@.#
###.##
###


You could see a gnoll shaman and a gnoll.

Vanquished Creatures
  3 gnolls (D:4)
  3 adders (D:2)
  2 worms
  3 dart slugs
  A leopard gecko (D:2)
  An orc (D:3)
  A ball python (D:3)
  4 giant cockroaches
  6 goblins
  5 hobgoblins
  2 jackals (D:1)
  2 bats (D:1)
  4 frilled lizards
  9 kobolds
  6 rats
52 creatures vanquished.

Notes
Turn   | Place    | Note
-------+----------+-------------------------------------------
     0 | D:1      | mike2R the Deep Elf Ice Elementalist began the quest for the Orb.
     0 | D:1      | Reached XP level 1. HP: 10/10 MP: 6/6
   426 | D:1      | Reached XP level 2. HP: 15/15 MP: 6/8
   454 | D:1      | Reached skill level 4 in Ice Magic
   458 | D:1      | Learned a level 2 spell: Throw Frost
  1026 | D:2      | Reached XP level 3. HP: 19/19 MP: 6/9
  1031 | D:2      | Learned a level 3 spell: Ozocubu's Armour
  1181 | D:2      | Found a shattered altar of Ashenzari.
  1397 | D:2      | Found a hide-covered altar of Uskayaw.
  1797 | D:2      | Reached skill level 5 in Ice Magic
  1946 | D:2      | Reached XP level 4. HP: 24/24 MP: 8/11
  2184 | D:3      | Learned a level 4 spell: Throw Icicle
  2277 | D:3      | HP: 1/24 [poisoned by a kobold]
  2649 | D:3      | Found an iron altar of Okawaru.
  3310 | D:4      | HP: 1/24 [gnoll/halberd (16)]
  3312 | D:4      | Mangled by a gnoll shaman

Skill      XL: |  1  2  3  4 |
---------------+-------------+-----
Ice Magic      | 4 5 |  5.2
Spellcasting   | 4 |  4.7
Dodging        | |  2.4
Stealth        | |  2.4
Conjurations   | |  1.1

Action                   |  1- 3 |  4- 6 || total
-------------------------+-------+-------++-------
Melee: Short sword       |     2 |     3 ||     5
       Whip              |       |     4 ||     4
Throw: Stone             |     1 |       ||     1
 Cast: Freeze            |    52 |    25 ||    77
       Throw Frost       |     2 |     5 ||     7
       Throw Icicle      |       |     1 ||     1
  Use: Potion            |       |     4 ||     4
 Stab: Sleeping          |     2 |     2 ||     4
  Eat: Chunk             |     3 |     4 ||     7
       Meat ration       |       |     1 ||     1
Armor: Robe              |     7 |     1 ||     8
Dodge: Dodged            |    26 |    15 ||    41
